 Dungeon Crawl Stone Soup version 0.17-a0-1508-ge7f3dc3 (webtiles) character file.

676 Chiseanne the Skirmisher (level 7, -2/55 HPs)
             Began as a Demonspawn Transmuter on July 10, 2015.
             Slain by Menkaure (7 damage)
             ... on level 5 of the Dungeon.
             The game lasted 00:20:23 (5687 turns).

Chiseanne the Skirmisher (Demonspawn Transmuter)    Turns: 5687, Time: 00:20:23

Health: -2/55      AC:  6    Str: 17    XL:     7   Next: 33%
Magic:  12/12      EV: 13    Int: 14    God:
Gold:   222        SH:  0    Dex: 14    Spells: 3 memorised, 6 levels left

rFire  + . .     SeeInvis .     a - +5 whip (elec)
rCold  + . .     Clarity  .     n - +0 leather armour
rNeg   . . .     SustAt   .     (no shield)
rPois  +         Gourm    .     (helmet restricted)
rElec  +         Spirit   .     x - +1 cloak
rCorr  +         Warding  .     (no gloves)
rMut   .         Stasis   .     r - +0 pair of boots
MR     +....                    (no amulet)
Stlth  +.........               (no ring)
                                s - ring of protection from magic

@: mighty, resistant, somewhat resistant to hostile enchantments, very
unstealthy
A: horns 1, powered by pain 2
a: no special abilities


You were on level 5 of the Dungeon.
You were hungry.

You visited 1 branch of the dungeon, and saw 5 of its levels.

You collected 222 gold pieces.

Inventory:

Hand weapons
 a - a +5 whip of electrocution (weapon)
 w - a +0 blowgun
Missiles
 e - 28 poisoned needles
 g - 48 sling bullets
 l - 53 arrows
 o - 12 sling bullets of frost
 p - 58 bolts
 z - 7 needles of frenzy
 C - 14 arrows of frost
 G - 12 bolts of flame
Armour
 n - a +0 leather armour (worn)
 r - a +0 pair of boots (worn)
 x - a +1 cloak (worn)
Jewellery
 s - a ring of protection from magic (left hand)
 D - an uncursed ring of poison resistance {unknown}
Scrolls
 j - 3 scrolls of immolation
 t - a scroll of teleportation
 v - a scroll of fear
 y - a scroll of remove curse
 E - a scroll of recharging
Potions
 h - a potion of magic
 i - 2 potions of cancellation
 m - a potion of brilliance
 A - a potion of curing {unknown}
 B - a potion of berserk rage {unknown}
 F - a potion of haste {unknown}
Books
 c - a book of Changes

   Spells                             Type                      Level
   a - Beastly Appendage              Transmutation                1
   b - Sticks to Snakes               Transmutation                2
   c - Spider Form                    Transmutation/Poison         3
   d - Ice Form                       Ice/Transmutation            4
   e - Blade Hands                    Transmutation                5
Comestibles
 d - 5 bread rations
 f - 4 meat rations
 k - 2 beef jerkies
 q - 6 fruits
 H - a chunk of flesh


   Skills:
 * Level 4.5 Fighting
 * Level 3.4 Armour
 + Level 3.2 Dodging
 - Level 2.6 Unarmed Combat
 + Level 3.3 Spellcasting
 + Level 3.1 Transmutations


You had 6 spell levels left.
You knew the following spells:

 Your Spells              Type           Power        Failure   Level  Hunger
a - Beastly Appendage     Trmt           ##....       10%         1    #......
b - Sticks to Snakes      Trmt           ##........   14%         2    ##.....
c - Spider Form           Trmt/Pois      #.........   45%         3    ###....


Dungeon Overview and Level Annotations

Branches:
Dungeon (5/15)
 Temple: D:4-7

Altars:
Ashenzari
Makhleb
Ru
The Shining One

Annotations:
D:5 Menkaure


Innate Abilities, Weirdness & Mutations

You have a pair of small horns on your head.
You sometimes gain power by taking damage.


Message History

* * * LOW HITPOINT WARNING * * *
Menkaure misses you.
You barely miss Menkaure.
Menkaure is lightly damaged.
Menkaure casts a spell at you. Pain shoots through your body!
* * * LOW HITPOINT WARNING * * *
Drink which item? (? for menu, Esc to quit)
You feel protected. Menkaure hits you!
* * * LOW HITPOINT WARNING * * *
Drink which item? (? for menu, Esc to quit)
Okay, then.
Read which item? (? for menu, Esc to quit)
Okay, then.
Drink which item? (? for menu, Esc to quit)
It was a potion of might.
You feel very mighty all of a sudden. Menkaure closely misses you.
Menkaure hits you!
You die...

#.##### #.(...........#.#.......
#.....###.............#.#.....##
#......#..(...........#.........
#...#.#.#.#.#.#..########......#
..................# #.......
.....#.#.#(#.#.#..# #.....#.
...##.......?.....########.....#.
... ##.#M#)#.#.#..'.†..........#.
?.. #........>.M@.##########+####
##.#.#.#.#.#..# #.............#
## #.#.#.#.#.......
.............. #.#.#.#........
................ #....
.......%... #... .......>....


You could see Menkaure.

Vanquished Creatures
  An ogre (D:4)
  A centaur (D:5)
  2 scorpions
  A crimson imp (D:5)
  A hound (D:3)
  An orc wizard (D:3)
  Jessica (D:3)
  3 worker ants
  Natasha (thrice) (D:2)
  4 gnolls (D:5)
  5 adders
  2 oozes
  3 worms
  3 giant geckos
  12 orcs
  A ball python (D:2)
  6 giant cockroaches
  4 hobgoblins
  5 jackals
  5 quokkas
  10 bats
  3 giant newts
  8 goblins
  5 kobolds
  11 rats
101 creatures vanquished.

Notes
Turn   | Place    | Note
--------------------------------------------------------------
     0 | D:1      | Chiseanne the Demonspawn Transmuter began the quest for the Orb.
     0 | D:1      | Reached XP level 1. HP: 15/15 MP: 3/3
   298 | D:1      | Gained mutation: You sometimes gain a little power by taking damage. [demonic ancestry]
   298 | D:1      | Reached XP level 2. HP: 9/22 MP: 3/5
  1242 | D:2      | Learned a level 2 spell: Sticks to Snakes
  1279 | D:2      | Gained mutation: You sometimes gain power by taking damage. [demonic ancestry]
  1279 | D:2      | Reached XP level 3. HP: 24/27 MP: 4/6
  1681 | D:2      | Noticed Natasha
  1684 | D:2      | Killed Natasha
  1744 | D:2      | Reached XP level 4. HP: 31/34 MP: 7/7
  2158 | D:2      | Found a glowing golden altar of the Shining One.
  2166 | D:2      | Noticed Natasha
  2175 | D:2      | Killed Natasha
  2175 | D:2      | Reached skill level 1 in Armour
  2428 | D:2      | Noticed Natasha
  2442 | D:2      | Killed Natasha
  2626 | D:2      | Found a sacrificial altar of Ru.
  2626 | D:2      | Found a burning altar of Makhleb.
  3080 | D:3      | Noticed Jessica
  3197 | D:3      | Killed Jessica
  3213 | D:3      | Reached skill level 3 in Fighting
  3213 | D:3      | Gained mutation: You have a pair of large horns on your head. [demonic ancestry]
  3213 | D:3      | Reached XP level 5. HP: 32/41 MP: 6/9
  3375 | D:3      | Found a shattered altar of Ashenzari.
  3900 | D:4      | Reached XP level 6. HP: 47/47 MP: 10/10
  3933 | D:4      | Noticed an ogre
  3938 | D:4      | Killed an ogre
  4478 | D:4      | Reached skill level 4 in Fighting
  4605 | D:4      | Learned a level 3 spell: Spider Form
  4641 | D:5      | Entered Level 5 of the Dungeon
  5205 | D:5      | Reached XP level 7. HP: 45/54 MP: 11/11
  5341 | D:5      | Noticed Menkaure
  5687 | D:5      | Slain by Menkaure

Vault maps used:
D:1:      minmay_arrival_solitary_statue, minmay_hedge_maze,
          minmay_misc_feat_doors, bh_walls_and_bars
D:2:      gammafunk_temple_overflow_wave, tso_metal_star, uniq_natasha
D:3:      lemuel_doored_altar, uniq_jessica
D:4:      first_bread
D:5:      nemelex_altar_shiori, st_stairs_10, uniq_menkaure, uniq_grinder

Action                   |  1- 3 |  4- 6 |  7- 9 || total
-------------------------+-------+-------+-------++-------
Melee: Unarmed           |   103 |       |       ||   103
       Whip              |    14 |   155 |    23 ||   192
 Cast: Beastly Appendage |    23 |     5 |       ||    28
  Use: Scroll            |     5 |     8 |     1 ||    14
       Potion            |       |     2 |     2 ||     4
 Stab: Sleeping          |       |     2 |       ||     2
  Eat: Chunk             |     3 |     7 |     2 ||    12
       Fruit             |       |     2 |       ||     2
       Pizza             |       |     1 |       ||     1
